 Dungeon Crawl Stone Soup version 0.24-a0-235-g3f03afc (webtiles) character file.

Game seed: 6230035127799035023

292 tsujin the Chucker (level 6, -1/48 HPs)
             Began as a Centaur Assassin on Apr 8, 2019.
             Slain by an apocalypse crab (2 damage)
             ... on level 1 of the Abyss.
             The game lasted 00:12:41 (3754 turns).

tsujin the Chucker (Centaur Assassin)               Turns: 3754, Time: 00:12:42

Health: -1/48      AC: 12    Str: 14    XL:     6   Next: 10%
Magic:  6/6        EV:  4    Int: 10    God:
Gold:   172        SH:  0    Dex: 12    Spells: 5/5 levels left

rFire    x . .     SeeInvis .   x - +0 spear
rCold    + + .     Gourm    +   (no shield)
rNeg     . . .     Faith    .   B - +4 chain mail {rC+}
rPois    .         Spirit   .   (no helmet)
rElec    .         Reflect  .   d - +0 cloak
rCorr    .         Harm     .   (no gloves)
MR       .....                  (no barding)
Stlth    ..........             k - amulet of the gourmand
HPRegen  0.16/turn              t - ring of ice
MPRegen  0.10/turn              u - ring of wizardry

@: very quick
A: large, hooves 3, deformed body, speed 2, tough skin 3
a: no special abilities


You were on level 1 of the Abyss.
You were very full.

You visited 1 branch of the dungeon, and saw 3 of its levels.
You visited the Abyss 1 time.

You collected 172 gold pieces.

Inventory:

Hand Weapons
 a - a +2 dagger
 b - a +0 blowgun
 x - a +0 spear (weapon)
Missiles
 e - 2 poisoned needles
 f - 2 curare-tipped needles
 h - 42 arrows
 p - a throwing net (quivered)
 r - 6 needles of sleeping
 y - 52 stones
Armour
 d - a +0 cloak (worn)
 l - a +0 leather armour
 B - a +4 chain mail of cold resistance (worn)
Jewellery
 i - an uncursed amulet of the acrobat
 k - an amulet of the gourmand (around neck)
 t - a ring of ice (left hand)
 u - a ring of wizardry (right hand)
Wands
 o - a wand of digging (6)
Scrolls
 m - 3 scrolls of teleportation
 n - 2 scrolls of identify
 z - a scroll of enchant armour
 A - a scroll of magic mapping
 C - a scroll of fog {unknown}
Potions
 c - 2 potions of haste
 j - a potion of curing
 s - a potion of brilliance
 v - a potion of berserk rage
 w - a potion of mutation
Comestibles
 g - 5 rations
 q - 3 chunks of flesh


   Skills:
 - Level 2.0 Fighting
 - Level 1.7 Short Blades
 + Level 4.3 Throwing
 + Level 0.0 Armour
 - Level 0.6 Dodging
 * Level 4.2 Stealth


You had 5 spell levels left.
You didn't know any spells.
Your spell library was empty.

Dungeon Overview and Level Annotations

Branches:
Dungeon (3/15)

Altars:
Dithmenos
Gozag
Sif Muna
Vehumet
Zin


Innate Abilities, Weirdness & Mutations

You have hooves in place of feet.
Armour fits poorly on your strangely shaped body.
You cover ground very quickly.
You have extremely tough skin. (AC +3)


Message History

[Y]es or [N]o only, please.
Really walk into that cloud of steam?
You are engulfed in a cloud of scalding steam.
The smoke demon hits you but does no damage. x3
The smoke demon hits you.
The smoke demon hits you but does no damage. x2
You take 4 damage, and have 25/48 hp.
The orb spider is engulfed in a cloud of scalding steam.
The orb spider weaves a glowing orb of energy.
An orb of destruction comes into view.
The smoke demon gestures at you. The ball of steam hits you!!
The steam scalds you terribly!
* * * LOW HITPOINT WARNING * * *
You take 18 damage, and have 8/48 hp.
MASSIVE DAMAGE!!
An apocalypse crab comes into view.
The apocalypse crab bites you but does no damage.
The apocalypse crab claws you!
* * * LOW HITPOINT WARNING * * *
Space bends around you.
You die...

≈.......... .§§§.... ≈
..... ....§§§. ... . .
.........§....... .≈
♣≈≈.....#####s#.... .
..≈≈≈≈#####...○°..#.....
..#≈≈≈...§.§.*....# .##.
...≈≈ #§§§3.....# #
#..≈.≈###§#.......#
#...≈.@..#########
##.#.##t## .. .... ..#
#.#### ## .. ###


You could see an apocalypse crab.

Vanquished Creatures
  A hound (D:2)
  A bullfrog skeleton (D:3)
  Terence (D:3)
  7 adders
  4 gnolls (D:2)
  3 oozes (D:2)
  An adder skeleton (D:2)
  A worm (D:2)
  A leopard gecko (D:2)
  10 orcs
  7 bats
  5 giant cockroaches
  7 goblins
  8 hobgoblins
  4 jackals (D:2)
  8 kobolds
  A quokka (D:2)
  10 frilled lizards
  3 rats
83 creatures vanquished.

Vanquished Creatures (others)
  A smoke demon (Abyss:1)
1 creature vanquished.

Grand Total: 84 creatures vanquished

Notes
Turn   | Place    | Note
-------+----------+-------------------------------------------
     0 | D:1      | tsujin the Centaur Assassin began the quest for the Orb.
     0 | D:1      | Reached XP level 1. HP: 17/17 MP: 1/1
   370 | D:1      | Reached XP level 2. HP: 24/24 MP: 2/2
  1136 | D:2      | Found a deep blue altar of Sif Muna.
  1184 | D:2      | Reached XP level 3. HP: 19/29 MP: 3/3
  1403 | D:2      | Found a glowing silver altar of Zin.
  1407 | D:2      | Found a radiant altar of Vehumet.
  1411 | D:2      | Found a shadowy altar of Dithmenos.
  1415 | D:2      | Found an opulent altar of Gozag.
  1571 | D:2      | Reached XP level 4. HP: 25/36 MP: 4/4
  1959 | D:2      | Reached XP level 5. HP: 33/41 MP: 5/5
  3160 | D:3      | Noticed Terence
  3387 | D:3      | Killed Terence
  3387 | D:3      | Reached XP level 6. HP: 48/48 MP: 6/6
  3676 | D:3      | Cast into level 1 of the Abyss (a distortion unwield)
  3716 | Abyss:1  | Noticed a large abomination
  3724 | Abyss:1  | Noticed a worldbinder
  3737 | Abyss:1  | Noticed a large abomination
  3740 | Abyss:1  | Noticed an orb spider
  3743 | Abyss:1  | Noticed a smoke demon
  3753 | Abyss:1  | Noticed an apocalypse crab
  3753 | Abyss:1  | Killed a smoke demon
  3754 | Abyss:1  | HP: 1/48 [apocalypse crab (7)]
  3754 | Abyss:1  | Slain by an apocalypse crab

Levels and vault maps discovered:
D:1:      dpeg_arrival_pits, layout_basic, minmay_door_square
D:2:      layout_loops_ring, led_sif_pool, grunt_temple_overflow_cloverleaf,
          first_ration, serial_forest, infiniplex_forest_clump_large,
          infiniplex_forest_clump_large, infiniplex_forest_clump_small,
          infiniplex_forest_end_2, infiniplex_forest_end_2,
          infiniplex_forest_lined_4_way, infiniplex_forest_zigzag_2
D:3:      layout_rooms, chequers_mini_garden, tgw_fedhas, uniq_terence
Abyss:1

Skill      XL: |  1  2  3  4  5 |
---------------+----------------+-----
Stealth        | 3 4 |  4.2
Throwing       | 3 4 |  4.3
Fighting       | |  2.0
Short Blades   | |  1.7
Dodging        | |  0.6

Action                   |  1- 3 |  4- 6 || total
-------------------------+-------+-------++-------
Melee: Dagger            |    99 |    53 ||   152
       Kick              |    16 |    38 ||    54
       Spear             |       |   127 ||   127
       Trident           |       |     8 ||     8
 Fire: Blowgun           |    21 |    22 ||    43
Throw: Throwing net      |     1 |     3 ||     4
  Use: Scroll            |     2 |     6 ||     8
       Potion            |       |     1 ||     1
 Stab: Sleeping          |     2 |     2 ||     4
  Eat: Chunk             |     9 |     9 ||    18
Armor: Leather armour    |    26 |    59 ||    85
       Robe              |     4 |       ||     4
       Chain mail        |       |    27 ||    27
Dodge: Dodged            |    31 |    78 ||   109

Table legend:
 A = Non-vault XP
 B = Vault XP
 C = Vault XP percentage of total XP
 D = Non-vault monster count
 E = Vault monster count
 F = Vault count percentage of total count
                 A         B        C        D         E       F
            +---------+---------+-------+---------+---------+-------
      Total |     382 |      36 |   8.6 |      82 |       1 |   1.2
            +---------+---------+-------+---------+---------+-------
        D:1 |      27 |       0 |   0.0 |      17 |       0 |   0.0
        D:2 |     251 |       0 |   0.0 |      43 |       0 |   0.0
        D:3 |     104 |      36 |  25.7 |      22 |       1 |   4.3
            +---------+---------+-------+---------+---------+-------
